[ AOE2 MATCH · #513640876 ]
UnrankedChinese vs Civ #60
Player's team · WIN
Rival team · LOSS
[ REPLAY ANALYSIS · EXTRACTED FROM THE RECORDED GAME ]
Feudal
12:01
Castle
16:01
Imperial
—
| APM avg | 60.5 |
| APM peak | 92 |
| eAPM avg | 29.2 |
| Villagers / military | 55 / 19 |
Focus
⚔️ 30.1% · 🌾 69.9%
Cavalry Archer ×8 · Archer ×7 · Militia ×4
Feudal
10:50
Castle
—
Imperial
—
| APM avg | 68.4 |
| APM peak | 128 |
| eAPM avg | 22.5 |
| Villagers / military | 45 / 19 |
Focus
⚔️ 44.1% · 🌾 55.9%
Archer ×11 · Militia ×8
Match map
Initial resources + every placement click. Lines = walls · curves = elevation contours. ◆ gold · ⬟ stone · ● berries · ✦ relic · ◌ wall gap
Your base· Open — 9t gap
DS_Champi WarrioR's base· Open — unwalled flank
Smoothed initial terrain · ◌ = detected wall gap · hover for details
Inputs per minute
— OS+ | Emil :D - - DS_Champi WarrioR
Build order — OS+ | Emil :D
136 actions detected in the replay
| 0:00 | Research | Loom |
| 0:44 | Queue | Villager (Male) |
| 0:44 | Queue | Villager (Male) |
| 1:10 | Queue | Villager (Male) |
| 1:10 | Queue | Villager (Male) |
| 1:35 | Queue | Villager (Male) |
| 1:35 | Queue | Villager (Male) |
| 1:38 | Build | Lumber Camp |
| 2:03 | Queue | Villager (Male) |
| 2:03 | Queue | Villager (Male) |
| 2:08 | Build | House |
| 2:20 | Queue | Villager (Male) |
| 2:56 | Queue | Villager (Male) |
| 2:56 | Queue | Villager (Male) |
| 2:58 | Build | House |
| 3:22 | Queue | Villager (Male) |
| 3:22 | Queue | Villager (Male) |
| 3:40 | Queue | Villager (Male) |
| 4:06 | Queue | Villager (Male) |
| 4:07 | Queue | Villager (Male) |
| 4:34 | Build | House |
| 4:37 | Queue | Villager (Male) |
| 4:37 | Queue | Villager (Male) |
| 4:55 | Queue | Villager (Male) |
| 4:55 | Queue | Villager (Male) |
| 5:10 | Build | Mill |
| 5:14 | Queue | Villager (Male) |
| 5:15 | Queue | Villager (Male) |
| 5:44 | Build | Barracks |
| 5:58 | Queue | Villager (Male) |
| 5:59 | Queue | Villager (Male) |
| 5:59 | Queue | Villager (Male) |
| 6:13 | Queue | Villager (Male) |
| 6:13 | Queue | Villager (Male) |
| 6:27 | Build | Palisade Wall |
| 6:29 | Build | Palisade Wall |
| 6:41 | Queue | Villager (Male) |
| 6:41 | Queue | Villager (Male) |
| 6:47 | Build | House |
| 6:52 | Queue | Militia |
| 6:52 | Queue | Militia |
| 6:55 | Build | Palisade Wall |
| 7:17 | Queue | Militia |
| 7:17 | Queue | Militia |
| 7:21 | Queue | Villager (Male) |
| 7:21 | Queue | Villager (Male) |
| 7:30 | Build | Mining Camp |
| 8:27 | Queue | Villager (Male) |
| 8:40 | Build | Farm |
| 8:41 | Build | Farm |
| 8:42 | Build | Farm |
| 9:01 | Queue | Villager (Male) |
| 9:15 | Build | Farm |
| 9:19 | Queue | Villager (Male) |
| 9:39 | Build | Farm |
| 9:42 | Research | Feudal Age |
| 9:48 | Build | House |
| 10:00 | Queue | Villager (Male) |
| 10:16 | Queue | Villager (Male) |
| 10:25 | Queue | Villager (Male) |
| 10:44 | Build | Farm |
| 10:55 | Build | Farm |
| 11:01 | Build | House |
| 11:08 | Queue | Villager (Male) |
| 11:35 | Build | Palisade Wall |
| 11:38 | Build | Palisade Wall |
| 12:01 | Age | Feudal Age |
| 12:05 | Build | Archery Range |
| 12:08 | Queue | Villager (Male) |
| 12:20 | Build | Palisade Wall |
| 12:22 | Build | Palisade Wall |
| 12:26 | Build | Palisade Wall |
| 12:27 | Build | Blacksmith |
| 12:38 | Queue | Villager (Male) |
| 12:50 | Queue | Archer |
| 13:18 | Build | Lumber Camp |
| 13:21 | Research | Castle Age |
| 13:21 | Research | Castle Age |
| 13:43 | Queue | Archer |
| 13:43 | Queue | Archer |
| 13:50 | Build | House |
| 14:02 | Build | House |
| 14:03 | Build | Palisade Wall |
| 14:13 | Build | House |
| 14:17 | Queue | Archer |
| 14:27 | Research | Fletching |
| 14:27 | Research | Fletching |
| 14:39 | Research | Double-Bit Axe |
| 14:39 | Research | Double-Bit Axe |
| 14:44 | Queue | Villager (Male) |
| 14:55 | Queue | Archer |
| 15:18 | Queue | Archer |
| 15:19 | Queue | Villager (Male) |
| 16:01 | Age | Castle Age |
| 16:11 | Research | Bodkin Arrow |
| 16:11 | Queue | Archer |
| 16:22 | Queue | Villager (Male) |
| 16:28 | Build | Town Center |
| 16:33 | Queue | Cavalry Archer |
| 16:34 | Queue | Cavalry Archer |
| 16:36 | Queue | Villager (Male) |
| 16:39 | Build | House |
| 16:57 | Queue | Villager (Male) |
| 17:09 | Queue | Cavalry Archer |
| 17:09 | Queue | Cavalry Archer |
| 17:10 | Queue | Villager (Male) |
| 17:12 | Research | Horse Collar |
| 17:12 | Research | Horse Collar |
| 17:20 | Queue | Villager (Male) |
| 17:20 | Queue | Villager (Male) |
| 17:31 | Queue | Villager (Male) |
| 17:58 | Queue | Villager (Male) |
| 17:59 | Queue | Cavalry Archer |
| 17:59 | Queue | Cavalry Archer |
| 18:04 | Build | Farm |
| 18:06 | Build | Farm |
| 18:07 | Build | Farm |
| 18:07 | Build | Farm |
| 18:08 | Build | Farm |
| 18:08 | Build | Farm |
| 18:09 | Build | Farm |
| 18:09 | Build | Farm |
| 18:09 | Build | Farm |
| 18:10 | Build | Farm |
| 18:10 | Build | Farm |
| 18:10 | Build | Farm |
| 18:15 | Queue | Villager (Male) |
| 18:15 | Queue | Villager (Male) |
| 18:31 | Build | Farm |
| 18:36 | Build | Farm |
| 18:38 | Build | Farm |
| 18:41 | Queue | Villager (Male) |
| 18:47 | Queue | Villager (Male) |
| 18:48 | Queue | Villager (Male) |
| 18:52 | Queue | Cavalry Archer |
| 18:52 | Queue | Cavalry Archer |
Build order — DS_Champi WarrioR
117 actions detected in the replay
| 0:01 | Queue | Villager (Male) |
| 0:01 | Queue | Villager (Male) |
| 0:01 | Queue | Villager (Male) |
| 0:02 | Queue | Villager (Male) |
| 0:02 | Queue | Villager (Male) |
| 0:03 | Build | House |
| 0:04 | Build | House |
| 1:28 | Queue | Villager (Male) |
| 1:28 | Queue | Villager (Male) |
| 2:01 | Queue | Villager (Male) |
| 2:01 | Queue | Villager (Male) |
| 2:25 | Queue | Villager (Male) |
| 2:25 | Queue | Villager (Male) |
| 2:51 | Queue | Villager (Male) |
| 2:57 | Queue | Villager (Male) |
| 2:58 | Queue | Villager (Male) |
| 3:14 | Build | House |
| 3:33 | Queue | Villager (Male) |
| 4:04 | Queue | Villager (Male) |
| 4:07 | Build | Barracks |
| 4:19 | Queue | Villager (Male) |
| 4:39 | Build | House |
| 4:53 | Queue | Villager (Male) |
| 5:02 | Queue | Militia |
| 5:03 | Queue | Militia |
| 5:24 | Queue | Militia |
| 5:29 | Queue | Militia |
| 5:31 | Queue | Villager (Male) |
| 5:49 | Queue | Villager (Male) |
| 6:07 | Build | Lumber Camp |
| 6:16 | Queue | Villager (Male) |
| 6:16 | Queue | Villager (Male) |
| 6:42 | Build | House |
| 6:51 | Queue | Villager (Male) |
| 7:34 | Build | Mill |
| 7:37 | Queue | Villager (Male) |
| 7:59 | Research | Loom |
| 7:59 | Research | Loom |
| 8:40 | Research | Feudal Age |
| 8:40 | Research | Feudal Age |
| 9:16 | Build | Mining Camp |
| 10:03 | Build | Palisade Wall |
| 10:05 | Build | Palisade Wall |
| 10:21 | Queue | Militia |
| 10:22 | Queue | Militia |
| 10:32 | Build | Farm |
| 10:45 | Queue | Villager (Male) |
| 10:46 | Queue | Militia |
| 10:50 | Age | Feudal Age |
| 10:57 | Queue | Villager (Male) |
| 11:04 | Build | Watch Tower |
| 11:13 | Queue | Militia |
| 11:27 | Queue | Villager (Male) |
| 11:38 | Build | Archery Range |
| 11:41 | Research | Man-at-Arms (upgrade) |
| 11:49 | Queue | Villager (Male) |
| 11:52 | Build | House |
| 12:18 | Build | House |
| 12:19 | Research | Double-Bit Axe |
| 12:19 | Research | Double-Bit Axe |
| 12:24 | Queue | Villager (Male) |
| 12:38 | Build | Palisade Wall |
| 12:39 | Build | Palisade Wall |
| 12:41 | Queue | Archer |
| 12:41 | Queue | Archer |
| 12:45 | Queue | Villager (Male) |
| 12:49 | Queue | Archer |
| 12:55 | Build | Palisade Wall |
| 12:56 | Build | Palisade Wall |
| 13:05 | Build | Farm |
| 13:07 | Build | Farm |
| 13:19 | Queue | Villager (Male) |
| 13:23 | Build | House |
| 13:28 | Queue | Archer |
| 13:39 | Queue | Villager (Male) |
| 13:45 | Build | Outpost |
| 13:50 | Queue | Villager (Male) |
| 14:01 | Build | Blacksmith |
| 14:12 | Queue | Villager (Male) |
| 14:17 | Queue | Archer |
| 14:31 | Queue | Archer |
| 14:36 | Queue | Villager (Male) |
| 14:39 | Build | Farm |
| 14:40 | Build | Farm |
| 14:48 | Research | Fletching |
| 14:48 | Research | Fletching |
| 14:55 | Build | Farm |
| 15:03 | Build | Farm |
| 15:26 | Build | Farm |
| 15:31 | Queue | Villager (Male) |
| 15:31 | Queue | Villager (Male) |
| 15:32 | Queue | Archer |
| 15:32 | Queue | Archer |
| 15:35 | Build | House |
| 15:44 | Build | Farm |
| 16:11 | Queue | Villager (Male) |
| 16:20 | Queue | Archer |
| 16:28 | Build | Market |
| 16:38 | Queue | Villager (Male) |
| 16:41 | Build | House |
| 16:48 | Queue | Villager (Male) |
| 17:08 | Queue | Villager (Male) |
| 17:12 | Build | Watch Tower |
| 17:21 | Queue | Villager (Male) |
| 17:29 | Build | Palisade Wall |
| 17:39 | Queue | Villager (Male) |
| 18:06 | Build | Farm |
| 18:07 | Build | Farm |
| 18:16 | Build | Watch Tower |
| 18:18 | Queue | Villager (Male) |
| 18:22 | Build | Mining Camp |
| 18:23 | Queue | Archer |
| 18:24 | Queue | Archer |
| 18:26 | Build | House |
| 18:41 | Queue | Villager (Male) |
| 18:44 | Build | House |
| 18:55 | Build | Farm |
Match timeline
| 4:07 | DS_Champi WarrioR · first_building Barracks |
| 5:44 | OS+ | Emil :D · first_building Barracks |
| 6:27 | OS+ | Emil :D · wall_segment Palisade Wall x1 |
| 6:29 | OS+ | Emil :D · wall_segment Palisade Wall x3 |
| 6:55 | OS+ | Emil :D · wall_segment Palisade Wall x1 |
| 10:03 | DS_Champi WarrioR · wall_segment Palisade Wall x1 |
| 10:05 | DS_Champi WarrioR · wall_segment Palisade Wall x1 |
| 10:50 | DS_Champi WarrioR · age_up feudal |
| 11:35 | OS+ | Emil :D · wall_segment Palisade Wall x1 |
| 11:38 | DS_Champi WarrioR · first_building Archery Range |
| 11:38 | OS+ | Emil :D · wall_segment Palisade Wall x7 |
| 12:01 | OS+ | Emil :D · age_up feudal |
| 12:05 | OS+ | Emil :D · first_building Archery Range |
| 12:20 | OS+ | Emil :D · wall_segment Palisade Wall x1 |
| 12:22 | OS+ | Emil :D · wall_segment Palisade Wall x1 |
| 12:26 | OS+ | Emil :D · wall_segment Palisade Wall x1 |
| 12:38 | DS_Champi WarrioR · wall_segment Palisade Wall x1 |
| 12:39 | DS_Champi WarrioR · wall_segment Palisade Wall x1 |
| 12:55 | DS_Champi WarrioR · wall_segment Palisade Wall x1 |
| 12:56 | DS_Champi WarrioR · wall_segment Palisade Wall x1 |
| 14:03 | OS+ | Emil :D · wall_segment Palisade Wall x10 |
| 16:01 | OS+ | Emil :D · age_up castle |
| 17:29 | DS_Champi WarrioR · wall_segment Palisade Wall x5 |
| 18:13 | DS_Champi WarrioR · first_market_buy 100 stone |
| 19:05 | DS_Champi WarrioR · resign |
[ AI ANALYSIS · 1 CREDIT ]
What really happened in this match?
Wolo.gg analyzes every decision: build order, eco, micro, common mistakes by bracket. Personalized analysis on WhatsApp or Discord in 30 seconds.
Civ guide
Chinese
Perfil
Jugador #862991